 Dungeon Crawl Stone Soup version 0.23-a0-473-gc8aadda88e (webtiles) character file.

54167 LostNumber the Spear-Bearer (level 14, -18/113 HPs)
             Began as a Mummy Summoner on Nov 28, 2018.
             Was the Champion of Ru.
             Demolished by an enormous slime creature (78 damage)
             ... on level 13 of the Dungeon.
             The game lasted 00:59:37 (21471 turns).

LostNumber the Spear-Bearer (Mummy Summoner)       Turns: 21471, Time: 00:59:37

Health: -18/113    AC: 14    Str: 13    XL:     14   Next: 33%
Magic:  24/26      EV: 15    Int: 22    God:    Ru [******]
Gold:   1054       SH:  0    Dex: 17    Spells: 15/29 levels left

rFire    . . .     SeeInvis +   e - +5 demon trident of Equivalence {venom, *Rage rF+ rC+}
rCold    + + .     Gourm    .   (shield unavailable)
rNeg     + + +     Faith    .   J - +0 troll leather armour
rPois    ∞         Spirit   .   B - +2 helmet
rElec    .         Reflect  .   P - +2 cloak
rCorr    .         Harm     .   (no gloves)
MR       +....                  k - +2 pair of boots
Stlth    ..........             y - amulet "Demass" {rPois Regen+ Dex+5 Stlth-}
HPRegen  1.08/turn              (ring unavailable)
MPRegen  0.20/turn              G - ring "Fotozots" {+Inv rN+ Int+4 Slay+2 SInv Stlth-}

@: no status effects
A: no food or potions, fire vulnerability, cold resistance 1, negative energy
resistance 3, torment resistance, unbreathing, missing a hand, inability to use
devices, no charms magic, no ice magic, no necromancy magic, in touch with death
1
a: Draw Out Power, Power Leap, Apocalypse, Renounce Religion


You were on level 13 of the Dungeon.
You worshipped Ru.
Ru was exalted by your worship.
You were not hungry.

You visited 3 branches of the dungeon, and saw 20 of its levels.
You also visited: Ossuary.

You collected 1054 gold pieces.

Inventory:

Hand Weapons
 e - the +5 demon trident of Equivalence (weapon) {venom, *Rage rF+ rC+}
   (You acquired it on level 8 of the Dungeon)

   It poisons the flesh of those it strikes.
   It protects you from fire.
   It protects you from cold.
   It may make you go berserk in combat.
Armour
 a - the cursed +1 ring mail "Daacs" {rPois}
   (You found it on level 5 of the Lair of Beasts)

   It protects you from poison.
   It has a curse placed upon it.
 k - a +2 pair of boots (worn)
 B - a +2 helmet (worn)
 J - a +0 troll leather armour (worn)
 P - a +2 cloak (worn)
Jewellery
 b - an uncursed ring of protection from magic
 h - an uncursed ring of protection from cold
 l - a +4 amulet of reflection
 y - the amulet "Demass" (around neck) {rPois Regen+ Dex+5 Stlth-}
   (You found it on level 6 of the Dungeon)

   [amulet of regeneration]

   It affects your dexterity (+5).
   It protects you from poison.
   It increases your rate of regeneration.
   It makes you less stealthy.
 G - the ring "Fotozots" (right hand) {+Inv rN+ Int+4 Slay+2 SInv Stlth-}
   (You took it off a centaur on level 9 of the Dungeon)

   [ring of positive energy]

   It affects your intelligence (+4).
   It affects your accuracy and damage with ranged weapons and melee attacks
   (+2).
   It protects you from negative energy.
   It lets you see invisible.
   It lets you turn invisible.
   It makes you less stealthy.
 K - an uncursed ring of wizardry
 N - an uncursed ring of protection from magic
Scrolls
 c - 2 scrolls of identify
 f - 7 scrolls of remove curse
 g - 5 scrolls of enchant weapon
 j - 14 scrolls of teleportation
 m - 2 scrolls of immolation
 n - 6 scrolls of magic mapping
 p - 2 scrolls of fear
 q - 2 scrolls of enchant armour
 u - 2 scrolls of fog
 C - 4 scrolls of amnesia
 S - a scroll of summoning


   Skills:
 + Level 11.2 Fighting
 * Level 12.1 Polearms
 + Level 4.9 Armour
 + Level 5.2 Dodging
 - Level 1.5 Stealth
 - Level 8.0 Spellcasting
 - Level 8.0 Summonings
 - Level 4.0 Air Magic


You had 15 spell levels left.
You knew the following spells:

 Your Spells              Type           Power        Failure   Level  Hunger
a - Summon Small Mammal   Summ           ####         1%          1    N/A
b - Call Imp              Summ           #####...     1%          2    N/A
c - Call Canine Familiar  Summ           #####...     1%          3    N/A
d - Summon Lightning Spi  Summ/Air       #####...     8%          4    N/A
e - Summon Ice Beast      Ice/Summ       ####....     17%         4    N/A

Your spell library contained the following spells:

 Spells                   Type           Power        Failure   Level  Hunger
 Summon Guardian Golem    Hex/Summ       ####....     5%          3    N/A
 Passwall                 Tmut/Erth      #.......     14%         2    N/A
 Cause Fear               Hex            #.........   65%         4    N/A
 Leda's Liquefaction      Hex/Erth       #.........   65%         4    N/A
 Silence                  Hex/Air        ###.......   73%         5    N/A
 Yara's Violent Unravell  Hex/Tmut       #.........   94%         5    N/A
 Iron Shot                Conj/Erth      #.........   100%        6    N/A
 Discord                  Hex            #.........   100%        8    N/A
 Freeze                   Ice            Unusable     N/A         1    N/A
 Throw Frost              Conj/Ice       Unusable     N/A         2    N/A
 Ozocubu's Armour         Chrm/Ice       Unusable     N/A         3    N/A
 Throw Icicle             Conj/Ice       Unusable     N/A         4    N/A
 Deflect Missiles         Chrm/Air       Unusable     N/A         6    N/A

Dungeon Overview and Level Annotations

Branches:
Dungeon (13/15)            Temple (1/1) D:7            Lair (6/6) D:11
 Shoals (0/4) Lair:2        Snake (0/4) Lair:3        Slime (0/5) Lair:5
    Orc (0/2) D:9
 Vaults: D:13-14

Altars:
Ashenzari
Cheibriados
Dithmenos
Elyvilon
Fedhas
Gozag
Hepliaklqana
Kikubaaqudgha
Makhleb
Nemelex Xobeh
Okawaru
Qazlal
Ru
Sif Muna
Trog
Uskayaw
Vehumet
Wu Jian
Xom
Yredelemnul
Zin
The Shining One
Jiyva

Shops:
D:4 =   D:9 ?   D:12 =


Innate Abilities, Weirdness & Mutations

You do not eat or drink.
Your flesh is vulnerable to fire.
You are immune to poison.
Your flesh is cold resistant. (rC+)
You are immune to negative energy. (rN+++)
You are immune to unholy pain and torment.
You can survive without breathing.
You are missing a hand.
You cannot study or use magical devices.
You cannot study or cast Charms magic.
You cannot study or cast Ice magic.
You cannot study or cast Necromancy magic.
You are in touch with the powers of death.


Message History

Unknown command.
You puncture the enormous slime creature!
The enormous slime creature is heavily wounded.
The enormous slime creature is stunned by your will and fails to attack.
Unknown command.
You completely miss the enormous slime creature.
The enormous slime creature is heavily wounded.
The enormous slime creature misses you.
You puncture the enormous slime creature!
The enormous slime creature is severely wounded.
Unknown command.
You puncture the enormous slime creature!
The enormous slime creature is severely wounded.
The enormous slime creature hits you!!!
Unknown command.
You puncture the enormous slime creature!
The enormous slime creature is severely wounded.
The enormous slime creature hits you!!!!
Ouch! That really hurt!
You die...

. #. #.# #.......#####
..#.###.# #.....### #
......# ##...## ###
....# ##.## #.)
#.#####..# #.# #.#
#........#####.#
####.......##'##
#.#.###.#...## # # #@#
#......## #.# #.TJ8#
#.......## #[#
#...####.........###..
...... +....(....+....
###.. #.........####.
##. ..........## ### #
#####.....## ##.#
##...## #...
##+#######.#


You could see an enormous slime creature, a troll and a friendly lightning
spire.

Vanquished Creatures
  Frances (D:11)
  Gastronok (Lair:3)
  Josephine (Lair:6)
  Erolcha (D:11)
  4 hydras
  A two-headed ogre (D:9)
  Urug (Lair:2)
  Nergalle (D:12)
  Sonja (D:10)
  An unseen horror (D:13)
  An ugly thing (D:13)
  3 elephants (Lair:3)
  3 slime creatures
  Joseph (D:10)
  2 merfolk sirens (Lair:2)
  5 black mambas
  6 spiny frogs
  2 gargoyles
  7 komodo dragons
  2 merfolk (Lair:2)
  A troll (D:13)
  2 polar bears (Lair:6)
  5 hornets
  8 blink frogs
  8 hippogriffs
  A dream sheep (Lair:6)
  Sigmund (D:5)
  19 spriggans
  A vampire (D:11)
  A wyvern (Lair:2)
  4 wraiths (Lair:6)
  2 basilisks
  52 yaks
  A hungry ghost (D:5)
  3 nagas (Lair:3)
  8 water moccasins
  7 porcupines
  10 orc warriors
  A phantom (D:6)
  A sky beast (D:9)
  An eye of draining (D:13)
  A hornet zombie (D:12)
  2 ice beasts
  4 ogres
  5 black bears
  A necrophage (D:10)
  2 boggarts
  22 wolves
  10 centaurs
  11 crocodiles
  4 bullfrogs
  2 big kobolds
  2 water moccasin zombies (Ossuary)
  Dowan (D:6)
  A wyvern skeleton (D:5)
  2 scorpions
  18 killer bees
  7 wights
  3 howler monkeys (D:10)
  6 crimson imps
  A quasit (D:13)
  A bullfrog zombie (D:7)
  2 hounds
  5 jellies
  5 orc priests
  2 bullfrog skeletons
  3 centaur skeletons
  15 orc wizards
  5 worker ants
  A big kobold zombie (Ossuary)
  2 mummies (Ossuary)
  A worker ant zombie (D:11)
  Robin (D:3)
  8 adders
  2 gnolls
  2 shadow imps
  4 oozes (D:8)
  2 adder zombies (Ossuary)
  2 adder skeletons
  2 worms
  2 dart slugs
  A leopard gecko (D:8)
  35 orcs
  3 bats
  7 giant cockroaches
  3 gnoll zombies (Ossuary)
  9 goblins
  5 hobgoblins
  11 jackals
  7 quokkas
  A frilled lizard (D:2)
  A giant cockroach zombie (D:6)
  18 kobolds
  A kobold zombie (Ossuary)
  A rat (D:2)
  A fire vortex (D:12)
458 creatures vanquished.

Vanquished Creatures (collateral kills)
  2 hydras
  A two-headed ogre (D:10)
  An ugly thing (D:11)
  An elephant (Lair:3)
  6 spiny frogs
  2 rime drakes
  2 komodo dragons
  Prince Ribbit (D:5)
  A troll (D:9)
  A polar bear (Lair:4)
  4 hornets
  2 hippogriffs (Lair:1)
  3 blink frogs
  A dream sheep (Lair:6)
  6 spriggans
  7 yaks
  2 basilisks
  An acid dragon (D:11)
  2 nagas (Lair:3)
  2 water moccasins
  Duvessa (D:6)
  2 porcupines
  2 ice beasts
  4 boggarts
  3 sky beasts
  An ogre (D:4)
  2 necrophages
  11 wolves
  2 crocodiles
  A bullfrog (D:7)
  A water moccasin zombie (Ossuary)
  A scorpion (D:5)
  5 killer bees
  3 crimson imps
  2 centaur zombies
  An orc priest (D:5)
  4 hounds
  A bullfrog skeleton (D:7)
  A gnoll shaman (D:4)
  4 orc wizards
  A worker ant (D:7)
  A big kobold zombie (Ossuary)
  A hound skeleton (D:7)
  3 adders
  5 gnolls
  2 shadow imps
  An ooze (D:8)
  An adder zombie (Ossuary)
  An adder skeleton (D:8)
  3 worms
  3 leopard geckos
  17 orcs
  5 hobgoblins
  7 jackals
  A quokka (D:6)
  2 bats (D:1)
  2 frilled lizards
  A gnoll zombie (Ossuary)
  6 goblins
  4 hobgoblin zombies (Ossuary)
  A kobold (D:3)
  An orc zombie (Ossuary)
  A rat (D:3)
  A fungus (Lair:3)
  3 plants
174 creatures vanquished.

Vanquished Creatures (others)
  2 hydras
  A wolf (Lair:6)
  A centaur (D:5)
  A crocodile (Lair:5)
  13 fungi
  A plant (D:11)
19 creatures vanquished.

Grand Total: 651 creatures vanquished

Notes
Turn   | Place    | Note
-------+----------+-------------------------------------------
     0 | D:1      | LostNumber the Mummy Summoner began the quest for the Orb.
     0 | D:1      | Reached XP level 1. HP: 13/13 MP: 4/4
   819 | D:1      | Reached XP level 2. HP: 10/20 MP: 5/5
   977 | D:1      | Learned a level 2 spell: Call Imp
  1619 | D:1      | Reached skill level 1 in Fighting
  1798 | D:2      | Reached XP level 3. HP: 19/26 MP: 5/7
  3544 | D:2      | Learned a level 3 spell: Call Canine Familiar
  3650 | D:3      | Reached XP level 4. HP: 21/33 MP: 4/9
  3862 | D:3      | Found a white marble altar of Elyvilon.
  4315 | D:3      | Noticed Robin
  4324 | D:3      | Killed Robin
  4324 | D:3      | Reached XP level 5. HP: 36/38 MP: 6/10
  4638 | D:4      | Learned a level 4 spell: Summon Ice Beast
  4829 | D:4      | Found Qaepulia's Jewellery Shoppe.
  4934 | D:4      | Noticed an ogre
  4940 | D:4      | Killed an ogre
  4940 | D:4      | Reached skill level 1 in Ice Magic
  4940 | D:4      | Reached XP level 6. HP: 36/46 MP: 6/12
  5539 | D:4      | Reached skill level 1 in Polearms
  5694 | D:5      | Entered Level 5 of the Dungeon
  5743 | D:5      | Noticed Sigmund
  5761 | D:5      | Killed Sigmund
  5761 | D:5      | Reached skill level 5 in Summonings
  5871 | D:5      | Noticed an ice beast
  5880 | D:5      | Killed an ice beast
  5880 | D:5      | Reached XP level 7. HP: 52/52 MP: 8/14
  6210 | D:5      | Noticed Prince Ribbit
  6229 | D:5      | Killed Prince Ribbit
  6229 | D:5      | Reached skill level 5 in Spellcasting
  6941 | D:5      | Reached skill level 2 in Polearms
  6942 | D:5      | Noticed a hungry ghost
  6947 | D:5      | Learned a level 4 spell: Summon Lightning Spire
  6960 | D:5      | Killed a hungry ghost
  6960 | D:5      | Reached XP level 8. HP: 59/59 MP: 14/16
  7298 | D:6      | Got a shimmering iron amulet
  7300 | D:6      | Identified the amulet "Demass" {rPois Regen+ Dex+5 Stlth-}
                  | (You found it on level 6 of the Dungeon)
  7339 | D:6      | Reached skill level 1 in Shields
  7561 | D:6      | Noticed Duvessa
  7561 | D:6      | Noticed Dowan
  7575 | D:6      | Killed Duvessa
  7589 | D:6      | Killed Dowan
  8331 | D:7      | Found a staircase to the Ecumenical Temple.
  8349 | Temple   | Entered the Ecumenical Temple
  8393 | Temple   | Became a worshipper of Ru the Awakened
  8467 | D:7      | Noticed a hippogriff
  8481 | D:7      | Killed a hippogriff
  8667 | D:7      | Reached XP level 9. HP: 63/65 MP: 18/18
  8668 | D:7      | Found a sand-covered staircase.
  8677 | Ossuary  | Entered an ossuary
  8930 | D:7      | Reached skill level 3 in Polearms
  9231 | D:7      | Got a steaming robe
  9232 | D:7      | Identified the cursed +0 robe "Ogaos" {MR++ MP-9 Int+6}
                  | (You found it on level 7 of the Dungeon)
  9975 | D:8      | Identified a scroll of acquirement
 10129 | D:8      | Got a shimmering demon trident
 10130 | D:8      | Identified the +5 demon trident of Equivalence {venom,
                  | *Rage rF+ rC+} (You acquired it on level 8 of the Dungeon)
 10147 | D:8      | Reached skill level 1 in Air Magic
 10439 | D:9      | Found a staircase to the Orcish Mines.
 10515 | D:9      | Noticed a two-headed ogre
 10690 | D:9      | Identified the ring "Fotozots" {+Inv rN+ Int+4 Slay+2 SInv
                  | Stlth-}
 10761 | D:9      | Found Jahir's Magic Scroll Emporium.
 11003 | D:9      | Noticed a troll
 11020 | D:9      | Killed a troll
 11020 | D:9      | Reached skill level 5 in Fighting
 11105 | D:9      | Killed a two-headed ogre
 11368 | D:10     | Entered Level 10 of the Dungeon
 11457 | D:10     | Noticed an eight-headed hydra
 11462 | D:10     | Killed an eight-headed hydra
 11462 | D:10     | Reached XP level 10. HP: 74/74 MP: 3/20
 11578 | D:10     | Found the +7 lajatang of Order {silver, rMut}
 11634 | D:10     | Noticed Sonja
 11640 | D:10     | Killed Sonja
 11640 | D:10     | Reached skill level 4 in Polearms
 11707 | D:10     | Noticed a two-headed ogre
 11721 | D:10     | Killed a two-headed ogre
 12333 | D:10     | Reached skill level 5 in Polearms
 12377 | D:11     | Reached skill level 1 in Evocations
 12502 | D:11     | Noticed Erolcha
 12514 | D:11     | Killed Erolcha
 12514 | D:11     | Reached XP level 11. HP: 73/83 MP: 16/23
 12760 | D:11     | Reached skill level 6 in Polearms
 12829 | D:11     | Found a staircase to the Lair.
 12915 | D:11     | Noticed a red ugly thing
 12979 | D:10     | Noticed Joseph
 12992 | D:10     | Killed Joseph
 13131 | D:11     | Killed a red ugly thing
 13486 | D:12     | Noticed Frances
 13508 | D:11     | Reached skill level 7 in Polearms
 13585 | D:11     | Killed Frances
 13799 | Lair:1   | Entered Level 1 of the Lair of Beasts
 13937 | Lair:1   | Reached skill level 8 in Polearms
 14058 | Lair:1   | Noticed an eight-headed hydra
 14217 | D:11     | Reached XP level 12. HP: 67/94 MP: 24/24
 14568 | D:11     | Killed an eight-headed hydra
 14647 | Lair:1   | Gained mutation: You cannot study or cast Ice magic. [Ru
                  | sacrifice]
 14647 | Lair:1   | Gained mutation: You cannot study or cast Necromancy magic.
                  | [Ru sacrifice]
 14647 | Lair:1   | Gained mutation: You cannot study or cast Charms magic. [Ru
                  | sacrifice]
 14647 | Lair:1   | Reached * piety under Ru
 15174 | Lair:2   | Reached skill level 5 in Evocations
 15183 | Lair:2   | Reached skill level 9 in Polearms
 15358 | Lair:2   | Noticed Urug
 15374 | Lair:2   | Killed Urug
 15389 | Lair:2   | Noticed a four-headed hydra
 15398 | Lair:2   | Killed a four-headed hydra
 15440 | Lair:2   | Noticed a six-headed hydra
 15451 | Lair:2   | Killed a six-headed hydra
 16059 | Lair:2   | Found a staircase to the Shoals.
 16229 | Lair:3   | Noticed Gastronok
 16242 | Lair:3   | Killed Gastronok
 16242 | Lair:3   | Reached skill level 10 in Polearms
 16472 | Lair:3   | Found a staircase to the Snake Pit.
 16535 | Lair:3   | Reached skill level 1 in Armour
 16544 | Lair:3   | Gained mutation: You are in touch with the powers of death.
                  | [Mummy growth]
 16544 | Lair:3   | Reached XP level 13. HP: 73/103 MP: 19/25
 16873 | Lair:3   | Gained mutation: You are missing a hand. [Ru sacrifice]
 16873 | Lair:3   | Reached ** piety under Ru
 16873 | Lair:3   | Reached *** piety under Ru
 16873 | Lair:3   | Reached **** piety under Ru
 17116 | Lair:4   | Reached skill level 10 in Fighting
 18361 | Lair:5   | Got a brightly glowing ring mail
 18369 | Lair:5   | Identified the cursed +1 ring mail "Daacs" {rPois} (You
                  | found it on level 5 of the Lair of Beasts)
 18419 | Lair:5   | Found a viscous altar of Jiyva.
 18419 | Lair:5   | Found a staircase to the Slime Pits.
 18781 | Lair:6   | Entered Level 6 of the Lair of Beasts
 18818 | Lair:6   | Gained mutation: You cannot study or use magical devices.
                  | [Ru sacrifice]
 18818 | Lair:6   | Reached ***** piety under Ru
 18818 | Lair:6   | Reached ****** piety under Ru
 18872 | Lair:6   | Reached skill level 11 in Polearms
 19590 | Lair:6   | Noticed Josephine
 19595 | Lair:6   | Killed Josephine
 19967 | Lair:6   | Reached XP level 14. HP: 71/111 MP: 23/26
 20016 | Lair:6   | Identified Jarhokhla's Catalogue of the Dusty Frostbite
 20694 | D:12     | Noticed Nergalle
 20706 | D:12     | Killed Nergalle
 20762 | D:12     | Reached skill level 5 in Dodging
 20896 | D:12     | Reached skill level 12 in Polearms
 21056 | D:12     | Found Hocobi Ciwne's Jewellery Shop.
 21471 | D:13     | Demolished by an enormous slime creature

Vault maps used:
D:1:      minmay_arrival_jagged, minmay_misc_feat_columns
D:2:      minmay_diced_spiral
D:3:      elyvilon_altar_3, first_ration, grunt_ministairs_1, uniq_robin
D:4:      serial_shops, kennysheep_mini_moat
D:5:      kennysheep_generic_room_2, uniq_sigmund, uniq_prince_ribbit1
D:6:      uniq_duvessa
D:7:      minmay_temple_entry_overgrown, enter_ossuary_1
D:8:      hangedman_little_slice_of_home
D:9:      david_orc_2, serial_shops, shop
D:10:     minmay_clustersquares, uniq_sonja, uniq_joseph
D:11:     grunt_lair_entry_orc_guard_hut, uniq_erolcha
D:12:     serial_shops, nicolae_shop_competitors_out_of_business,
          kennysheep_another_room, uniq_frances, uniq_nergalle
Temple:   nicolae_temple_the_god_donut
Lair:2:   elwin_shoals_entry_stream, uniq_urug
Lair:3:   minmay_snake_entry_guardpost_medium, minivault_25, uniq_gastronok
Lair:4:   kb_forest_paths
Lair:5:   dpeg_slime_entry_enclosed_altar, grunt_megastairs_3
Lair:6:   minmay_lair_end_enchanted_forest, uniq_josephine
Ossuary:  ossuary_tomb_2

Skill      XL: |  1  2  3  4  5  6  7  8  9 10 11 12 13 14 |
---------------+-------------------------------------------+-----
Spellcasting   | 3 4 5 6 7 8 |  8.0
Fighting       | 1 2 3 4 5 6 8 9 10 11 | 11.2
Summonings     | 4 5 6 7 8 |  8.0
Ice Magic      | 1 2 3 4 0 |  0.0
Polearms       | 1 2 3 5 8 10 11 12 | 12.1
Shields        | 2 4 0 |  0.0
Air Magic      | 3 4 |  4.0
Evocations     | 2 4 6 0 |  0.0
Dodging        | 2 4 5 |  5.2
Armour         | 1 4 |  4.9
Stealth        | |  1.5

Action                   |  1- 3 |  4- 6 |  7- 9 | 10-12 | 13-15 || total
-------------------------+-------+-------+-------+-------+-------++-------
Melee: Dagger            |   184 |    11 |       |       |       ||   195
       Unarmed           |     6 |       |       |       |       ||     6
       Trident           |       |   152 |   412 |       |       ||   564
       Demon trident     |       |       |    73 |   591 |   780 ||  1444
 Cast: Summon Small Mamm |    16 |       |       |       |       ||    16
       Call Imp          |    22 |    13 |     5 |     3 |     4 ||    47
       Call Canine Famil |     2 |    16 |    40 |     3 |     5 ||    66
       Summon Ice Beast  |       |       |    12 |    13 |       ||    25
       Summon Lightning  |       |       |     9 |    22 |    29 ||    60
Invok: Reject Sacrifices |       |       |     1 |       |       ||     1
       Sacrifice Arcana  |       |       |       |     1 |       ||     1
       Power Leap        |       |       |       |       |     2 ||     2
       Sacrifice Artific |       |       |       |       |     1 ||     1
       Sacrifice a Hand  |       |       |       |       |     1 ||     1
 Abil: Evoke Invisibilit |       |       |       |     7 |     2 ||     9
Evoke: Wand              |       |       |     3 |     5 |       ||     8
  Use: Scroll            |       |       |    16 |     1 |     5 ||    22
 Stab: Distracted        |     2 |     3 |    10 |     4 |    11 ||    30
       Sleeping          |     2 |     3 |     4 |       |       ||     9
       Invisible         |       |       |       |     7 |     7 ||    14
       Confused          |       |       |       |     1 |       ||     1
       Paralysed         |       |       |       |     6 |     6 ||    12
Armor: Leather armour    |    85 |    41 |    18 |       |       ||   144
       Robe              |       |       |   100 |       |       ||   100
       Troll leather arm |       |       |     2 |   130 |   171 ||   303
Dodge: Dodged            |   133 |    83 |   205 |   282 |   270 ||   973
Block: Other             |    16 |    23 |    14 |       |       ||    53
       Reflection        |       |       |     2 |       |       ||     2
       Buckler           |       |       |    25 |   119 |       ||   144

Table legend:
 A = Non-vault XP
 B = Vault XP
 C = Vault XP percentage of total XP
 D = Non-vault monster count
 E = Vault monster count
 F = Vault count percentage of total count
                 A         B        C        D         E       F
            +---------+---------+-------+---------+---------+-------
      Total |   50278 |   27104 |  35.0 |     465 |     167 |  26.4
            +---------+---------+-------+---------+---------+-------
        D:1 |      31 |       0 |   0.0 |      21 |       0 |   0.0
        D:2 |      51 |       7 |  12.1 |      18 |       4 |  18.2
        D:3 |      66 |      65 |  49.6 |      22 |      15 |  40.5
        D:4 |     316 |       0 |   0.0 |      15 |       0 |   0.0
        D:5 |     630 |     381 |  37.7 |      27 |       3 |  10.0
        D:6 |     655 |     153 |  18.9 |      28 |       2 |   6.7
        D:7 |     596 |       0 |   0.0 |      12 |       0 |   0.0
        D:8 |     347 |     149 |  30.0 |      13 |       8 |  38.1
        D:9 |    1422 |     269 |  15.9 |      11 |       7 |  38.9
       D:10 |    1975 |    2665 |  57.4 |      16 |      10 |  38.5
       D:11 |    5831 |    3989 |  40.6 |      66 |       7 |   9.6
       D:12 |    5545 |     792 |  12.5 |      60 |       1 |   1.6
       D:13 |    4633 |       0 |   0.0 |      25 |       0 |   0.0
     Lair:1 |    4824 |       0 |   0.0 |      26 |       0 |   0.0
     Lair:2 |    5432 |    2293 |  29.7 |      23 |       5 |  17.9
     Lair:3 |    4186 |    2174 |  34.2 |      21 |       6 |  22.2
     Lair:4 |    3871 |    3476 |  47.3 |      18 |      22 |  55.0
     Lair:5 |     350 |     925 |  72.5 |       3 |       4 |  57.1
     Lair:6 |    9517 |    9493 |  49.9 |      40 |      53 |  57.0
    Ossuary |       0 |     273 | 100.0 |       0 |      20 | 100.0
            +---------+---------+-------+---------+---------+-------
